vs Mule (Top 10ish player?)

Match 19429766
End
Panzerpioneer Squad
Selects Italian Infantry
Construct Light Support Kompanie
Assault Grenadier Squad
2.5-tonne Medical Truck
Selects Guastatori Squad
Selects L6/40 Light Tank Combat Group
L6/40 Light Tank Combat Group
Fire Support Elements
Panzerjäger Mechanized Group
Guastatori Squad
Pak 38 Anti-tank Gun Team
Construct Panzerarmee Kommand
Selects Defensive Operations
Selects Territory Booby Traps
Panzer III L Medium Tank
Tungsten Core Ammunition
Selects Obice 305mm Barrage
Walking Stuka Rocket Launcher
Armored Reserves
Panzer IV Assault Group
Obice 305mm Barrage
2.5-tonne Medical Truck
Selects Towed Cannone da 105/28 Field Howitzer
Towed Cannone da 105/28 Field Howitzer
Panzer IV Assault Group
Obice 305mm Barrage
Panzer III L Medium Tank
RunningFatKids
Arashenstein
*Mule
Maxiboi1303
0
0

Comments sign in to comment!

No comments posted yet!